 Dungeon Crawl Stone Soup version 0.29.0-4-gdea44cf6ec (webtiles) character file.

Game seed: 14501551397532880109

38 sanka the Ducker (level 3, 20/20 HPs)
             Began as a Deep Elf Gladiator on Aug 27, 2022.
             Quit the game on level 2 of the Dungeon.
             The game lasted 00:01:11 (1224 turns).

sanka the Ducker (Deep Elf Gladiator)               Turns: 1224, Time: 00:01:11

Health: 20/20      AC:  4    Str: 11    XL:     3   Next: 25%
Magic:  5/5        EV: 15    Int: 14    God:
Gold:   112        SH:  0    Dex: 22    Spells: 2/2 levels left

rFire   . . .      SeeInvis .   a - +0 quarterstaff
rCold   . . .      Faith    .   (shield currently unavailable)
rNeg    . . .      Spirit   .   b - +0 leather armour
rPois   .          Reflect  .   c - +0 helmet
rElec   .          Harm     .   (no cloak)
rCorr   .          Rampage  .   (no gloves)
Will    .....                   (no boots)
Stlth   ++........              (no amulet)
HPRegen 0.06/turn               (no ring)
MPRegen 0.09/turn               f - +6 ring of dexterity

@: no status effects
A: no striking features
a: no special abilities


You were on level 2 of the Dungeon.
You visited 1 branch of the dungeon, and saw 2 of its levels.

You collected 112 gold pieces.


   Skills:
 - Level 1.5 Fighting
 - Level 3.0 Staves
 - Level 2.0 Throwing
 + Level 5.3 Dodging


You had 2 spell levels left.
You didn't know any spells.
Your spell library was empty.

Inventory:

Hand Weapons
 a - a +0 quarterstaff (weapon)
Missiles
 d - 3 throwing nets (quivered) {=f}
 e - a javelin
Armour
 b - a +0 leather armour (worn)
 c - a +0 helmet (worn)
Jewellery
 f - a +6 ring of dexterity (right hand)
Scrolls
 g - a scroll of butterflies {unknown}
 j - 2 scrolls of blinking {unknown}
 k - a scroll of teleportation {unknown}
Potions
 h - a potion of magic {unknown}
 i - a potion of berserk rage {unknown}
 l - a potion of attraction {unknown}

Dungeon Overview and Level Annotations

Branches:
Dungeon (2/15)

Altars:

▒..▒▒▒....▒▒▒▒ ..▒
▒..▒▒▒.▒▒▒▒ ▒▒..▒ ..
▒....▒...▒▒▒ ▒...▒...
▒.▒▒.▒.....▒▒
▒...▒...
▒...<▒......▒▒▒...(.
▒▒▒▒.▒.▒▒▒..▒▒....▒
▒.▒.▒ ▒...▒....▒
..▒..▒▒...▒....▒▒▒▒..
.▒▒..[....)..e†......
▒.
▒▒▒▒▒▒▒▒▒▒▒▒▒▒▒▒▒▒▒
▒. ▒.


There were no monsters in sight!


Message History

Options error: Unknown monster: "corrupter:9" (~/.crawlrc:1528) Options error: Unknown monster: "black sun:9" (~/.crawlrc:1529) Options error: Unknown monster: "greater mummy:lightmagenta M" (~/.crawlrc:1535) Bad channel name for runrest: 'Jiyva says: Divide and consume' Welcome back, sanka the Deep Elf Gladiator.
The endoplasm quivers.
You hit the endoplasm but do no damage. The endoplasm misses you.
You hit the endoplasm but do no damage. The endoplasm freezes you.
You are frozen.
The endoplasm barely misses you.
You thump the endoplasm!
You kill the endoplasm!
No target in view!
No target in view!
Unknown command.
You start resting.
A rat comes into view.
A rat is nearby!
Things that are here:
a +0 dagger; a +0 whip; a giant cockroach corpse The rat barely misses you.
You hit the rat.
You kill the rat!
No target in view!
No target in view!
You start resting.
HP restored.
Are you sure you want to abandon this character and quit the game? (Confirm with "yes".)

Action                   || total
-------------------------++-------
Melee: Quarterstaff      ||    66
 Stab: Sleeping          ||     1
Armor: Leather armour    ||    16
Dodge: Dodged            ||    53

Levels and vault maps discovered:
D:1:      ldierk_walled_garden_2, layout_basic,
          dreamdust_ecumenical_altar_sealed_demon
D:2:      minmay_recursive_quarters, layout_loops_cross, basic_altar

Notes
Turn   | Place    | Note
-------+----------+-------------------------------------------
     0 | D:1      | sanka the Deep Elf Gladiator began the quest for the Orb.
     0 | D:1      | Reached XP level 1. HP: 12/12 MP: 3/3
   314 | D:1      | Reached skill level 4 in Dodging
   482 | D:1      | Reached XP level 2. HP: 15/16 MP: 4/4
   838 | D:1      | Found a faded altar of an unknown god.
   838 | D:1      | Noticed a hellwing
   966 | D:2      | Reached skill level 5 in Dodging
   971 | D:2      | Reached XP level 3. HP: 13/20 MP: 5/5
  1224 | D:2      | Quit the game

Vanquished Creatures
  An adder (D:2)
  4 ball pythons (D:1)
  3 endoplasms
  2 giant cockroaches (D:2)
  A hobgoblin (D:2)
  5 kobolds
  2 quokkas
  2 bats (D:1)
  5 goblins
  2 rats (D:2)
27 creatures vanquished.

Vanquished Creatures (others)
  4 toadstools (D:1)
4 creatures vanquished.

Grand Total: 31 creatures vanquished
